 Dungeon Crawl Stone Soup version 0.28-a0-1624-g820543e53a (webtiles) character file.

Game seed: 9026830350520775700

13144 HallandMoats the Myrmidon (level 12, -12/111 HPs)
             Began as a Ghoul Fighter on Jan 23, 2022.
             Was an Elder of Okawaru.
             Mangled by Rupert (21 damage)
             ... on level 13 of the Dungeon.
             The game lasted 00:25:50 (19388 turns).

HallandMoats the Myrmidon (Ghoul Fighter)          Turns: 19388, Time: 00:25:51

Health: -12/111    AC: 19    Str: 20 (21) XL:     12   Next: 2%
Magic:  15/20      EV: 14    Int:  4 (5)  God:    Okawaru [****..]
Gold:   672        SH:  7    Dex: 10      Spells: 11/11 levels left

rFire   . . .      SeeInvis .   a - +4 scimitar (flame)
rCold   + . .      Faith    .   u - +1 buckler
rNeg    + + +      Spirit   .   t - +7 ring mail of Digric {Drain Will++}
rPois   ∞          Reflect  .   E - +2 helmet
rElec   .          Harm     .   s - +0 cloak
rCorr   +          Rampage  .   (no gloves)
Will    ++...                   (no boots)
Stlth   ++........              (no amulet)
HPRegen 0.00/turn               p - ring of resist corrosion
MPRegen 0.17/turn               (no ring)

@: heroic, finesse-ful, inhibited regen, studying Invocations
A: claws 1, cold resistance 1, negative energy resistance 3, inhibited
regeneration, torment resistance 2
a: Renounce Religion, Heroism, Finesse


You were on level 13 of the Dungeon.
You worshipped Okawaru.
Okawaru was greatly pleased with you.
You visited 2 branches of the dungeon, and saw 14 of its levels.

You collected 672 gold pieces.

Inventory:

Hand Weapons
 a - a +4 scimitar of flaming (weapon)
 b - a +1 whip of venom
Missiles
 e - a throwing net (quivered)
Armour
 s - a +0 cloak (worn)
 t - the +7 ring mail of Digric (worn) {Drain Will++}
   (You found it on level 3 of the Dungeon)

   Drain:     It drains your maximum health when unequipped.
   Will:      It greatly increases your willpower.
 u - a +1 buckler (worn)
 E - a +2 helmet (worn)
Jewellery
 k - an amulet of magic regeneration
 p - a ring of resist corrosion (left claw)
Wands
 f - a wand of acid (3)
 o - a wand of iceblast (2)
 v - a wand of polymorph (6)
 x - a wand of mindburst (22)
 H - a wand of digging (8)
Scrolls
 d - 6 scrolls of fear
 i - a scroll of summoning
 j - a scroll of silence
 r - 2 scrolls of teleportation
 y - a scroll of enchant armour
 z - a scroll of amnesia
 C - a scroll of enchant weapon
 F - a scroll of identify
Potions
 c - a potion of ambrosia {unknown}
 m - a potion of magic {unknown}
 n - 2 potions of degeneration {unknown}
 q - a potion of cancellation {unknown}
 w - 2 potions of attraction {unknown}
 A - 2 potions of invisibility {unknown}
 B - 2 potions of resistance {unknown}


   Skills:
 - Level 11.6(16.6) Fighting
 * Level 2.2(7.2) Long Blades
 - Level 7.1(12.1) Armour
 - Level 6.4(11.4) Dodging
 - Level 7.0(12.0) Shields
 - Level 2.1(7.1) Unarmed Combat
 + Level 12.5 Invocations


You had 11 spell levels left.
You didn't know any spells.
Your spell library contained the following spells:

 Spells                   Type           Power      Damage    Failure   Level
 Freeze                   Ice            0%         1d3       69%         1
 Ensorcelled Hibernation  Hex/Ice        0%         N/A       83%         2
 Passwall                 Tmut/Erth      0%         N/A       83%         2
 Dazzling Flash           Conj/Hex       0%         N/A       96%         3
 Frozen Ramparts          Ice            0%         1d2       96%         3
 Ozocubu's Armour         Ice            0%         N/A       96%         3
 Stone Arrow              Conj/Erth      0%         3d7       96%         3
 Swiftness                Air            0%         N/A       96%         3
 Hailstorm                Conj/Ice       0%         3d3       100%        4
 Agony                    Necr           0%         N/A       100%        5
 Silence                  Hex/Air        0%         N/A       100%        5
 Ozocubu's Refrigeration  Ice            0%         4d5       100%        7
 Lehudib's Crystal Spear  Conj/Erth      0%         10d2      100%        8
 Animate Armour           Summ/Erth      Unusable   N/A       N/A         4

Dungeon Overview and Level Annotations

Branches:
Dungeon (13/15)            Temple (1/1) D:7            Lair (0/6) D:8
    Orc (0/2) D:9
 Vaults: D:13-14

Altars:
Ashenzari
Cheibriados
Dithmenos
Elyvilon
Fedhas
Gozag
Hepliaklqana
Kikubaaqudgha
Makhleb
Nemelex Xobeh
Okawaru
Qazlal
Ru
Sif Muna
Trog
Uskayaw
Vehumet
Wu Jian
Xom
Yredelemnul
Zin
The Shining One

Shops:
D:12 =

Annotations:
D:13 Rupert


Innate Abilities, Weirdness & Mutations

You thrive by killing the living.
You are immune to poison.
You have sharp fingernails.
Your flesh is cold resistant. (rC+)
You are immune to negative energy. (rN+++)
You do not regenerate when monsters are visible.
You are immune to unholy pain and torment.


Message History

Rupert is heavily wounded.
Rupert roars madly and goes into a rage!
Rupert goes berserk!
You slash Rupert! You burn Rupert.
Rupert is severely wounded.
Rupert hits you with a +3 great mace of protection!!
You closely miss Rupert.
Rupert is severely wounded.
You closely miss Rupert.
Rupert is severely wounded.
Rupert hits you with a +3 great mace of protection!!!
You are too injured to fight recklessly!
You are too injured to fight recklessly!
You are too injured to fight recklessly!
You slash Rupert! You burn Rupert.
Rupert is severely wounded.
Rupert hits you but does no damage.
You hit Rupert but do no damage.
Rupert is severely wounded.
Rupert closely misses you.
You slash Rupert! You burn Rupert.
Rupert is almost dead.
Rupert hits you with a +3 great mace of protection!!
* * * LOW HITPOINT WARNING * * *
You hit Rupert but do no damage.
Rupert is almost dead.
You barely miss Rupert.
Rupert is almost dead.
Rupert closely misses you.
You slash Rupert! You burn Rupert!
Rupert is almost dead.
Rupert hits you with a +3 great mace of protection!!
* * * LOW HITPOINT WARNING * * *
You barely miss Rupert.
Rupert is almost dead.
You block Rupert's attack.
You hit Rupert. You burn Rupert.
Rupert is almost dead.
Rupert hits you with a +3 great mace of protection!!
You die...

.. #.# ### #..#
..##...#
#######(#...#
#$?...#.....##
#(....'@.....####
#..⌠..'@.........
#.....'..........
#!....#..#......#
##+++##.........#
#........#
#........#
#.#......#
#.##.....## #
#.###.....### ##


You could see Rupert (berserk).

Vanquished Creatures
  Azrael (D:13)
  A two-headed ogre (D:8)
  Sonja (D:10)
  Pikel (D:4)
  A cyclops (D:12)
  Maggie (D:9)
  An unseen horror (D:10)
  9 trolls
  4 slime creatures (D:12)
  2 shadows
  3 wraiths
  A wyvern (shapeshifter) (D:13)
  A wyvern (D:8)
  3 chaos spawn (D:11)
  4 humans (D:13)
  2 fire elementals (D:13)
  A vampire mosquito (D:8)
  Menkaure (D:5)
  4 steam dragons
  Edmund (D:6)
  A water moccasin (D:7)
  An acid dragon (D:9)
  3 hell hounds (D:12)
  3 sky beasts
  An ice beast (D:5)
  A black bear (D:8)
  3 orc warriors
  2 ogres
  2 kobold brigands (D:8)
  A lemure (D:4)
  3 bullfrogs
  4 scorpions
  A wyvern skeleton (D:6)
  A water moccasin skeleton (D:5)
  8 wights
  A howler monkey (D:12)
  4 crimson imps (D:13)
  A bullfrog zombie (D:7)
  3 centaur zombies
  A jelly (D:7)
  An orc priest (D:7)
  2 gnoll shamans
  3 hounds
  A bullfrog skeleton (D:4)
  4 iguanas
  Ijyb (D:4)
  Jessica (D:2)
  A centaur skeleton (D:7)
  6 orc wizards
  3 howler monkey zombies
  Robin (D:4)
  14 gnolls
  A howler monkey skeleton (D:4)
  8 adders
  A white imp (D:6)
  2 dart slugs
  16 orcs
  5 bats
  10 endoplasms
  2 giant cockroaches
  17 goblins
  13 hobgoblins
  3 quokkas
  4 ball pythons
  2 frilled lizards (D:1)
  8 kobolds
  7 rats
225 creatures vanquished.

Vanquished Creatures (others)
  A shadow imp (D:8)
  An orc (D:7)
  3 fungi (D:8)
  3 plants (D:8)
8 creatures vanquished.

Grand Total: 233 creatures vanquished

Notes
Turn   | Place    | Note
-------+----------+-------------------------------------------
     0 | D:1      | HallandMoats the Ghoul Fighter began the quest for the Orb.
     0 | D:1      | Reached XP level 1. HP: 19/19 MP: 0/0
   320 | D:1      | Reached XP level 2. HP: 26/26 MP: 1/1
   342 | D:1      | Reached skill level 1 in Invocations
   647 | D:1      | Reached XP level 3. HP: 33/33 MP: 2/2
  1039 | D:2      | Noticed Jessica
  1051 | D:2      | Killed Jessica
  1052 | D:2      | Reached XP level 4. HP: 25/40 MP: 4/4
  1062 | D:2      | Got Jessica's Tome of Beguiling
  1143 | D:2      | Reached skill level 2 in Invocations
  1187 | D:2      | Reached skill level 1 in Dodging
  1465 | D:2      | Reached XP level 5. HP: 47/47 MP: 5/5
  2189 | D:3      | HP: 2/47 [iguana (2)]
  2643 | D:3      | Identified the +7 ring mail of Digric {Drain Will++}
  2748 | D:3      | Found a faded altar of an unknown god.
  3035 | D:4      | Reached skill level 3 in Invocations
  3062 | D:4      | Reached XP level 6. HP: 54/55 MP: 7/7
  3239 | D:4      | Reached skill level 5 in Fighting
  3284 | D:4      | Noticed Ijyb
  3298 | D:4      | Killed Ijyb
  3454 | D:4      | Noticed Robin
  3507 | D:4      | Killed Robin
  3774 | D:4      | Noticed Pikel
  3784 | D:4      | Killed Pikel
  3785 | D:4      | Reached skill level 4 in Invocations
  3785 | D:4      | Reached XP level 7. HP: 50/63 MP: 7/9
  3941 | D:5      | Entered Level 5 of the Dungeon
  3978 | D:5      | Reached XP level 8. HP: 64/70 MP: 10/10
  4021 | D:5      | Noticed Menkaure
  4031 | D:5      | Killed Menkaure
  4032 | D:5      | Reached skill level 5 in Invocations
  4945 | D:6      | Noticed Edmund
  4965 | D:6      | Killed Edmund
  4966 | D:6      | Reached skill level 6 in Invocations
  5478 | D:6      | Found a blossoming altar of Fedhas.
  5637 | D:6      | Reached XP level 9. HP: 70/79 MP: 12/12
  6546 | D:7      | Found a staircase to the Ecumenical Temple.
  6552 | Temple   | Entered the Ecumenical Temple
  6762 | Temple   | Became a worshipper of Warmaster Okawaru
  7149 | D:7      | Reached skill level 5 in Armour
  7420 | D:8      | Reached skill level 7 in Invocations
  7427 | D:8      | Reached skill level 5 in Shields
  7630 | D:7      | Reached * piety under Okawaru
  8528 | D:8      | Noticed a two-headed ogre
  8562 | D:8      | Killed a two-headed ogre
  8562 | D:8      | Reached ** piety under Okawaru
  8563 | D:8      | Reached skill level 8 in Invocations
  8563 | D:8      | Reached XP level 10. HP: 25/91 MP: 13/15
  9739 | D:8      | Found a staircase to the Lair.
 10036 | D:9      | Reached skill level 5 in Dodging
 10624 | D:9      | Found a staircase to the Orcish Mines.
 10660 | D:9      | Noticed Maggie
 10663 | D:9      | Identified a scroll of acquirement
 10664 | D:9      | Acquired a manual of Invocations
 10689 | D:9      | Killed Maggie
 10689 | D:9      | Reached *** piety under Okawaru
 10690 | D:9      | Reached skill level 9 in Invocations
 11388 | D:10     | Entered Level 10 of the Dungeon
 11647 | D:10     | Killed an unseen horror
 11941 | D:10     | Noticed Sonja
 11948 | D:10     | Killed Sonja
 11948 | D:10     | Reached **** piety under Okawaru
 11949 | D:10     | Reached skill level 10 in Fighting
 11949 | D:10     | Reached skill level 10 in Invocations
 12070 | D:10     | Reached XP level 11. HP: 77/99 MP: 17/17
 14262 | D:12     | Found the +7 mace of Variability {chain chaos}
 14279 | D:11     | Reached skill level 11 in Invocations
 14696 | D:12     | Found a shimmering altar of Xom.
 14818 | D:12     | Found Ziheaj's One-of-a-Kind Rings.
 14842 | D:12     | Noticed a cyclops
 14858 | D:12     | Killed a cyclops
 14858 | D:12     | Reached ***** piety under Okawaru
 15475 | D:12     | HP: 1/101 [slime creature (6)]
 16720 | D:12     | Identified the +0 robe "Cagruexo" {rElec rN+ SInv} (Okawaru
                  | gifted it to you on level 12 of the Dungeon)
 16720 | D:12     | Received a gift from Okawaru
 17005 | D:12     | Reached skill level 12 in Invocations
 17616 | D:13     | Found a shimmering altar of Xom.
 17616 | D:13     | Noticed Azrael
 17634 | D:13     | Killed Azrael
 18664 | D:13     | Noticed a cyclops
 19070 | D:13     | Reached skill level 1 in Long Blades
 19345 | D:13     | Reached XP level 12. HP: 101/110 MP: 20/20
 19371 | D:13     | Noticed Rupert
 19388 | D:13     | Mangled by Rupert

Illustrated notes

Levels and vault maps discovered:
D:1:      dpeg_arrival_castle, layout_loops_ring
D:2:      layout_basic, kennysheep_jessica_study, uniq_jessica
D:3:      layout_basic, chequers_ecumenical_altar_grove
D:4:      layout_cave_pools, nicolae_ossuary_entry_monument, uniq_pikel,
          uniq_ijyb, uniq_robin
D:5:      layout_rooms, minmay_misc_feat_five, uniq_menkaure
D:6:      layout_loops_corners, fedhas_altar_4, uniq_edmund
D:7:      layout_loops_corners, minmay_temple_entry_arrows
D:8:      layout_basic, grunt_lair_entry_orc_guard_hut, grunt_tough_drop
D:9:      layout_gridville, minmay_misc_feat_diagonals, uniq_maggie
D:10:     layout_roguey, uniq_sonja
D:11:     layout_basic
D:12:     layout_stronghold, serial_rivers, chequers_serial_rivers_micro_b,
          chequers_serial_rivers_micro_d, chequers_serial_rivers_room_a,
          chequers_serial_rivers_small_a, chequers_serial_rivers_large_b,
          chequers_serial_rivers_micro_d, nicolae_shop_unique_rings,
          minmay_guarded_unrand_variability
D:13:     layout_layer_cave, grunt_vaults_entry_tiered, led_xom_imps,
          uniq_rupert, uniq_azrael, uniq_urug
Temple:   mainiacjoe_temple_archimedes_tessellation

Skill      XL: |  1  2  3  4  5  6  7  8  9 10 11 12 |
---------------+-------------------------------------+-----
Invocations    | 1 2 3 4 6 8 10 12 | 12.5
Fighting       | 4 6 7 9 10 11 | 11.6
Armour         | 3 4 5 6 7 |  7.1
Shields        | 3 4 5 6 7 |  7.0
Dodging        | 1 2 3 4 5 6 |  6.4
Long Blades    | 1 2 |  2.2
Unarmed Combat | |  2.1

Action                   |  1- 3 |  4- 6 |  7- 9 | 10-12 || total
-------------------------+-------+-------+-------+-------++-------
Melee: Unarmed           |    87 |   182 |       |       ||   269
       Whip              |       |    95 |   334 |   739 ||  1168
       Long sword        |       |       |       |   103 ||   103
       Scimitar          |       |       |       |    42 ||    42
Invok: Heroism           |       |       |       |    11 ||    11
       Finesse           |       |       |       |     2 ||     2
Evoke: Wand              |       |       |     4 |     6 ||    10
  Use: Scroll            |       |       |    11 |     8 ||    19
       Potion            |       |       |     2 |    18 ||    20
Armor: Scale mail        |    36 |    41 |       |       ||    77
       Ring mail         |       |   124 |   187 |   584 ||   895
Dodge: Dodged            |    27 |   150 |   184 |   565 ||   926
Block: Buckler           |    10 |    65 |   103 |   341 ||   519

Table legend: (Time is in decaauts)
 A = Elapsed time spent in this place.
 B = Non-inter-level travel time spent in this place.
 C = Inter-level travel time spent in this place.
 D = Time resting spent in this place.
 E = Time spent auto-exploring this place.
 F = Levels seen in this place.
 G = Mean time per level.
                   A        B        C        D        E       F      G
               +--------+--------+--------+--------+--------+-----+--------+
         Total |  19581 |  19109 |    472 |   4717 |  11193 |  14 | 1398.6 |
       Dungeon |  19336 |  18911 |    425 |   4717 |  11015 |  13 | 1487.4 |
        Temple |    244 |    197 |     47 |      0 |    178 |   1 |  244.0 |
               +--------+--------+--------+--------+--------+-----+--------+

Top non-repeatable levels by time:
    D:12: 4260 daAuts
     D:8: 1885 daAuts
    D:10: 1664 daAuts
    D:11: 1546 daAuts
     D:6: 1537 daAuts
     D:9: 1514 daAuts
     D:7: 1300 daAuts
     D:5: 1221 daAuts
     D:4: 1019 daAuts
     D:2: 1019 daAuts
     D:1: 990 daAuts
     D:3: 928 daAuts
    D:13: 447 daAuts
  Temple: 244 daAuts
